 Dungeon Crawl Stone Soup version 0.21-a0-286-g6fcecc0 (webtiles) character file.

6113 Cheet4h the Basher (level 10, -1/65 HPs)
             Began as a Gargoyle Fighter on Sept 28, 2017.
             Was an Elder of Okawaru.
             Slain by a tentacled starspawn (10 damage)
             ... on level 2 of the Abyss.
             The game lasted 00:41:45 (8367 turns).

Cheet4h the Basher (Gargoyle Fighter)               Turns: 8367, Time: 00:41:46

Health: -1/65      AC: 39    Str: 21      XL:     10   Next: 89%
Magic:  0/10       EV:  6    Int:  8 (9)  God:    Okawaru [****..]
Gold:   418        SH:  0    Dex: 12 (13) Spells: 9/9 levels left

rFire    . . .     SeeInvis .   a - +3 morningstar (protect)
rCold    . . .     Gourm    .   (no shield)
rNeg     + . .     Faith    .   k - +2 plate armour
rPois    ∞         Spirit   +   x - +2 helmet
rElec    +         Reflect  .   j - scarf {Spirit}
rCorr    .         Harm     .   v - +1 pair of gloves
MR       .....                  E - +0 pair of boots
Stlth    ..........             (no amulet)
HPRegen  0.20/turn              F - +2 ring of protection
MPRegen  0.12/turn              h - +2 ring of dexterity

@: protection aura, hasted, very quick
A: deterioration 1, negative energy resistance 1, electricity resistance,
unbreathing, petrification resistance, rot immunity, AC +7
a: Heroism, Renounce Religion


You were on level 2 of the Abyss.
You worshipped Okawaru.
Okawaru was greatly pleased with you.
You were hungry.

You visited 2 branches of the dungeon, and saw 10 of its levels.
You visited the Abyss 1 time.
You also visited: Ossuary.

You collected 446 gold pieces.
You spent 28 gold pieces at shops.

Inventory:

Hand Weapons
 a - a +3 morningstar of protection (weapon)
 b - a +0 shortbow
 c - a +1 morningstar
 p - a +4 flail of protection
 z - a +3 flail of draining
Missiles
 g - 156 arrows
Armour
 e - a +0 helmet
 j - a scarf of spirit shield (worn)
 k - a +2 plate armour (worn)
 v - a +1 pair of gloves (worn)
 x - a +2 helmet (worn)
 E - a +0 pair of boots (worn)
Jewellery
 d - an uncursed ring of fire
 h - a +2 ring of dexterity (right hand)
 F - a +2 ring of protection (left hand)
 I - an uncursed amulet of harm {unknown}
Wands
 q - a wand of digging (13/24)
 w - a wand of flame (32/48)
 y - a wand of flame (31/48)
 C - a wand of polymorph (16/24)
 H - a wand of flame (15/48)
 J - a wand of lightning (6/15)
 N - a wand of random effects (26/48)
Scrolls
 s - 3 scrolls of enchant armour
 B - 4 scrolls of remove curse
Potions
 l - a potion of ambrosia
 m - a potion of flight
 n - a potion of resistance
 r - 2 potions of magic
 A - a potion of might
 D - 3 potions of curing
 K - a potion of degeneration
 M - 2 potions of agility
Comestibles
 f - 10 bread rations
 o - 3 fruits
 t - 4 meat rations
 u - a royal jelly


   Skills:
 + Level 8.9 Fighting
 * Level 10.5 Maces & Flails
 + Level 5.8 Bows
 + Level 9.0 Armour
   Level 3.5 Shields


You had 9 spell levels left.
You didn't know any spells.

Dungeon Overview and Level Annotations

Branches:
Dungeon (9/15)             Temple (1/1) D:7
   Lair: D:8-11         Orc: D:9-12

Altars:
Ashenzari
Cheibriados
Dithmenos
Elyvilon
Fedhas
Gozag
Hepliaklqana
Kikubaaqudgha
Makhleb
Nemelex Xobeh
Okawaru
Qazlal
Ru
Sif Muna
Trog
Uskayaw
Vehumet
Wu Jian
Xom
Yredelemnul
Zin
The Shining One

Shops:
D:7 *

Annotations:
D:9 Erolcha


Innate Abilities, Weirdness & Mutations

You are resistant to torment.
Your stone body is resilient. (AC +7)
You are immune to poison.
You resist negative energy. (rN+)
You are resistant to electric shocks. (rElec)
You can survive without breathing.
You are immune to petrification.
You are immune to rotting.
Your body sometimes deteriorates upon taking damage.


Message History

The tentacled starspawn engulfs you but does no damage.
The starspawn tentacle grabs you. The starspawn tentacle constricts you.
Okay, then.
You puncture the tentacled starspawn!
Your weapon exudes an aura of protection.
The tentacled starspawn is lightly damaged.
The ufetubus hits you but does no damage.
The ufetubus barely misses you.
A tentacle flies out from the starspawn's body!
A starspawn tentacle comes into view.
You miss the ufetubus.
The ynoxinul gestures.
The starspawn tentacle loses its grip on you.
The tentacle pulls you backwards!
The small abomination closely misses you.
The small abomination hits you but does no damage.
You closely miss the small abomination. The large abomination hits you!
* * * LOW HITPOINT WARNING * * *
The tentacled starspawn bites you!
You die...

# ##..X# # ....#
...##X..####### # #
..#.#35...# # .....
......# .##
..#.#####5...#####..
...
.#...#.#5555.....#
#.. #
.#....xXXΛ....# #
##....Gx@X>│...#
#......Xww5w...#
....#...#+###.....#
#..##...#...'.....#
#. ...#.#...#...#.#
.. #.#......#.....#
.###.. ###%. #.....#
#.# #.. #.....# # ..
+.?...#


You could see 2 tentacled starspawn, a glowing orange brain, 2 large
abominations, a ynoxinul, 2 small abominations, 3 starspawn tentacles and 7
ufetubi.

Vanquished Creatures
  A two-headed ogre (D:9)
  Prince Ribbit (D:8)
  Sigmund (D:2)
  2 wraiths (Ossuary)
  A hungry ghost (D:8)
  An ice beast (D:5)
  An orc warrior (D:8)
  2 sky beasts
  2 black bears
  2 phantoms
  The ghost of GordonOverkill the Poker, an amateur GnMo (D:4)
  3 ogres
  6 centaurs
  2 bullfrogs (D:6)
  A big kobold (D:8)
  A wyvern skeleton (D:7)
  4 scorpions
  2 wights (Ossuary)
  2 crimson imps (D:5)
  A bullfrog zombie (D:8)
  4 hounds
  7 orc priests
  A centaur skeleton (D:6)
  Ijyb (D:3)
  2 iguanas
  5 orc wizards
  6 worker ants
  A killer bee zombie (D:7)
  Robin (D:2)
  3 gnolls (D:5)
  6 adders
  4 shadow imps
  An ooze (D:6)
  3 adder zombies
  3 adder skeletons
  2 worms
  8 dart slugs
  8 leopard geckos
  44 orcs
  3 giant cockroaches
  6 goblins
  8 hobgoblins
  13 jackals
  6 kobolds
  3 quokkas
  2 ball python skeletons
  7 bats
  4 frilled lizards
  A goblin skeleton (D:8)
  2 hobgoblin skeletons (Ossuary)
  3 hobgoblin zombies (D:8)
  2 kobold skeletons (D:8)
  2 kobold zombies (Ossuary)
  A leopard gecko skeleton (D:6)
  A leopard gecko zombie (D:7)
  2 orc skeletons
  4 orc zombies
  2 quokka skeletons
  5 rats
224 creatures vanquished.

Vanquished Creatures (collateral kills)
  A tentacled starspawn (Abyss:2)
  2 thrashing horrors (Abyss:2)
  An efreet (Abyss:2)
4 creatures vanquished.

Vanquished Creatures (others)
  An orc wizard (D:5)
  10 starspawn tentacles (Abyss:2)
11 creatures vanquished.

Grand Total: 239 creatures vanquished

Notes
Turn   | Place    | Note
-------+----------+-------------------------------------------
     0 | D:1      | Cheet4h the Gargoyle Fighter began the quest for the Orb.
     0 | D:1      | Reached XP level 1. HP: 14/14 MP: 1/1
    97 | D:1      | Reached XP level 2. HP: 19/19 MP: 2/2
   280 | D:1      | Reached XP level 3. HP: 23/23 MP: 3/3
   686 | D:2      | Reached skill level 3 in Maces & Flails
   797 | D:2      | Found a deep blue altar of Sif Muna.
  1052 | D:2      | Noticed Robin
  1087 | D:2      | Killed Robin
  1087 | D:2      | Reached XP level 4. HP: 17/29 MP: 4/4
  1241 | D:2      | Found a faded altar of an unknown god.
  1300 | D:2      | Noticed Sigmund
  1320 | D:2      | Killed Sigmund
  1320 | D:2      | Reached skill level 4 in Maces & Flails
  1320 | D:2      | Reached XP level 5. HP: 26/34 MP: 2/5
  1320 | D:2      | Reached XP level 6. HP: 30/39 MP: 2/6
  1421 | D:2      | Found a burning altar of Makhleb.
  1788 | D:3      | You fall through a shaft for 2 floors!
  1788 | D:5      | Entered Level 5 of the Dungeon
  1870 | D:5      | Reached skill level 5 in Maces & Flails
  1870 | D:5      | Reached skill level 5 in Armour
  1892 | D:5      | Reached skill level 5 in Fighting
  1892 | D:5      | Reached XP level 7. HP: 33/44 MP: 5/7
  2083 | D:4      | Noticed GordonOverkill's ghost (amateur GnMo)
  2294 | D:3      | Noticed Ijyb
  2321 | D:3      | Killed Ijyb
  2477 | D:3      | Found a sacrificial altar of Ru.
  3337 | D:4      | Killed GordonOverkill's ghost
  3337 | D:4      | Reached skill level 6 in Maces & Flails
  3629 | D:5      | Reached XP level 8. HP: 50/51 MP: 8/8
  3736 | D:5      | Found a transporter.
  3757 | D:5      | Found a transporter.
  3937 | D:5      | Reached skill level 1 in Bows
  4577 | D:5      | Reached skill level 7 in Maces & Flails
  4976 | D:6      | Reached XP level 9. HP: 53/56 MP: 9/9
  5208 | D:6      | Found a glowing golden altar of the Shining One.
  5291 | D:6      | Reached skill level 8 in Maces & Flails
  5572 | D:7      | Found a sand-covered staircase.
  5577 | Ossuary  | Entered an ossuary
  5976 | D:7      | Gained mutation: Your body sometimes deteriorates upon taking damage. [mutagenic meat]
  6068 | D:7      | Found Fyota's General Store.
  6076 | D:7      | Bought a scroll of identify for 28 gold pieces
  6163 | D:7      | Found a staircase to the Ecumenical Temple.
  6186 | Temple   | Entered the Ecumenical Temple
  6696 | D:8      | Found a glowing golden altar of the Shining One.
  6820 | D:8      | Reached skill level 9 in Maces & Flails
  6850 | D:8      | Noticed Prince Ribbit
  6867 | D:8      | Killed Prince Ribbit
  6867 | D:8      | Reached XP level 10. HP: 29/64 MP: 5/10
  6877 | D:8      | Found a burning altar of Makhleb.
  7752 | D:9      | Found an iron altar of Okawaru.
  7752 | D:9      | Noticed a two-headed ogre
  7760 | D:9      | Killed a two-headed ogre
  7760 | D:9      | Reached skill level 5 in Bows
  7766 | D:9      | Became a worshipper of Warmaster Okawaru
  8162 | D:9      | Noticed Erolcha
  8185 | D:9      | Cast into level 2 of the Abyss (Erolcha)
  8249 | Abyss:2  | Noticed a thrashing horror
  8251 | Abyss:2  | Noticed a thrashing horror
  8260 | Abyss:2  | Noticed a tentacled starspawn
  8266 | Abyss:2  | Killed a thrashing horror
  8266 | Abyss:2  | Reached * piety under Okawaru
  8266 | Abyss:2  | Reached skill level 10 in Maces & Flails
  8271 | Abyss:2  | Killed a thrashing horror
  8271 | Abyss:2  | Reached ** piety under Okawaru
  8276 | Abyss:2  | Killed a tentacled starspawn
  8276 | Abyss:2  | Reached *** piety under Okawaru
  8301 | Abyss:2  | HP: 2/65 [efreet/bolt of fire (18)]
  8303 | Abyss:2  | Noticed a large abomination
  8304 | Abyss:2  | Noticed a glowing orange brain
  8305 | Abyss:2  | Reached **** piety under Okawaru
  8340 | Abyss:2  | Noticed a tentacled starspawn
  8340 | Abyss:2  | Noticed a large abomination
  8341 | Abyss:2  | Noticed a tentacled starspawn
  8367 | Abyss:2  | Slain by a tentacled starspawn

Vault maps used:
D:1:      eino_arrival_water_cross, minmay_misc_feat_iff
D:2:      lemuel_round_altar, chequers_ecumenical_altar_simple,
          makhleb_heckhound_becter, uniq_sigmund, uniq_robin
D:3:      nicolae_ru_awakened_eye, grunt_decor_mini_mirrors, uniq_ijyb
D:4:      cheibrodos_helix_gallery
D:5:      gammafunk_wand_slinger, first_bread
D:6:      nicolae_overflow_crystal_walls
D:7:      minmay_temple_entry_grid, serial_shops, shop_fountains,
          enter_ossuary_2
D:8:      old_standard_altar, grunt_ogre_cave, nicolae_tso_besieged_by_evil,
          uniq_prince_ribbit1
D:9:      okawaru_gym_becter, hiddenorc2_lemuel, minivault_22, uniq_erolcha
Temple:   minmay_crystal_spiral_temple
Ossuary:  ossuary_due_cavern

Skill      XL: |  1  2  3  4  5  6  7  8  9 10 |
---------------+-------------------------------+-----
Maces & Flails | 3 4 5 6 7 9 10 | 10.5
Fighting       | 4 5 6 7 8 |  8.9
Armour         | 4 5 6 7 9 |  9.0
Bows           | 2 4 5 |  5.8
Shields        | |  3.5

Action                   |  1- 3 |  4- 6 |  7- 9 | 10-12 || total
-------------------------+-------+-------+-------+-------++-------
Melee: Flail             |   138 |   107 |   378 |    78 ||   701
       Whip              |       |       |   248 |       ||   248
       Morningstar       |       |       |       |    49 ||    49
 Fire: Shortbow          |       |       |    90 |    15 ||   105
  Use: Scroll            |     5 |     3 |    17 |     9 ||    34
       Potion            |       |     1 |       |     4 ||     5
  Eat: Chunk             |     1 |     2 |    18 |     4 ||    25
       Royal jelly       |       |       |     1 |       ||     1
       Fruit             |       |       |     1 |       ||     1
Armor: Scale mail        |    65 |       |       |       ||    65
       Plate armour      |    32 |    99 |   472 |   137 ||   740
Dodge: Dodged            |    49 |    25 |   146 |    45 ||   265
Block: Shield            |    87 |    62 |   168 |       ||   317

Table legend:
 A = Spawn XP
 B = Non-spawn XP
 C = Spawn XP percentage of total XP
 D = Spawn monster count
 E = Non-spawn monster count
 F = Spawn count percentage of total count
 G = Total turns spent on level
                    A         B        C        D         E        F      G
               +---------+---------+-------+---------+---------+-------+---------
         Total |    1073 |    7660 |  12.3 |       3 |     225 |   1.3 |  8367
               +---------+---------+-------+---------+---------+-------+---------
           D:1 |       0 |      51 |   0.0 |       0 |      22 |   0.0 |   702
           D:2 |       0 |     342 |   0.0 |       0 |      22 |   0.0 |   936
           D:3 |       0 |      81 |   0.0 |       0 |      17 |   0.0 |   919
           D:4 |       0 |     281 |   0.0 |       0 |      22 |   0.0 |   889
           D:5 |       0 |    1071 |   0.0 |       0 |      32 |   0.0 |  1257
           D:6 |       0 |     952 |   0.0 |       0 |      35 |   0.0 |   771
           D:7 |       0 |     268 |   0.0 |       0 |       5 |   0.0 |   518
           D:8 |       0 |    1614 |   0.0 |       0 |      40 |   0.0 |  1266
           D:9 |       0 |    1361 |   0.0 |       0 |      15 |   0.0 |   411
       Abyss:2 |    1073 |    1107 |  49.2 |       3 |       1 |  75.0 |   182
       Ossuary |       0 |     532 |   0.0 |       0 |      14 |   0.0 |   348
               +---------+---------+-------+---------+---------+-------+---------
